 Dungeon Crawl Stone Soup version 0.20-a0-1015-g2ec8a95 (webtiles) character file.

695 Lochraine the Purveyor of Pain (level 7, 0/50 HPs)
             Began as a Ghoul Necromancer on Apr 15, 2017.
             Was an Initiate of Kikubaaqudgha.
             Slain by a hornet (7 damage)
             ... on level 5 of the Dungeon.
             The game lasted 00:21:45 (5713 turns).

Lochraine the Purveyor of Pain (Ghoul Necromancer)  Turns: 5713, Time: 00:21:46

Health: 0/50       AC:  8    Str:  9 (12) XL:     7   Next: 64%
Magic:  2/12       EV:  2    Int: 10 (12) God:    Kikubaaqudgha [......]
Gold:   72         SH:  0    Dex: -17 (6) Spells: 9/14 levels left

rFire    . . .     SeeInvis .     - Unarmed
rCold    + + +     Gourm    .   (no shield)
rNeg     + + +     Faith    .   w - +2 robe {rC+}
rPois    ∞         Spirit   .   y - +0 helmet
rElec    .         Reflect  .   (no cloak)
rCorr    .         Harm     .   (no gloves)
MR       .....                  e - +2 pair of boots
Stlth    ..........             (no amulet)
Regen    0.0/turn               h - ring of protection from cold
MPRegen  0.2/turn               r - -3 ring of dexterity (curse)

@: rotting, slowed, lost dexterity, very slow
A: rotting body, claws 1, carnivore 3, cold resistance 1, negative energy
resistance 3, inhibited regeneration, torment resistance, unbreathing
a: Renounce Religion


You were on level 5 of the Dungeon.
You worshipped Kikubaaqudgha.
Kikubaaqudgha was noncommittal.
You were not hungry.

You visited 2 branches of the dungeon, and saw 6 of its levels.

You collected 259 gold pieces.
You spent 187 gold pieces at shops.

Inventory:

Armour
 e - a +2 pair of boots (worn)
 f - the +1 pair of gloves of Dogmatism {rC+ Str+6}
   (You found it on level 4 of the Dungeon)

   It affects your strength (+6).
   It protects you from cold.
 w - a +2 robe of cold resistance (worn)
 y - a +0 helmet (worn)
Jewellery
 h - a ring of protection from cold (left claw)
 p - an uncursed ring of flight
 r - a cursed -3 ring of dexterity (right claw)
Wands
 a - a wand of digging (14/24)
 d - a wand of enslavement (23/24)
Scrolls
 o - 5 scrolls of teleportation
Potions
 g - a potion of curing
 j - a potion of magic
 k - a potion of lignification
 m - a potion of cancellation {unknown}
 v - 2 potions of mutation
Books
 b - a book of Necromancy

   Spells                             Type                      Level
   a - Pain                           Necromancy                   1
   b - Animate Skeleton               Necromancy                   1
   c - Vampiric Draining              Necromancy                   3
   d - Regeneration                   Charms/Necromancy            3
   e - Animate Dead                   Necromancy                   4
   f - Control Undead                 Necromancy                   4
Comestibles
 c - 3 meat rations
 i - 2 royal jellies
 l - 4 chunks of flesh


   Skills:
 - Level 1.9 Dodging
 - Level 2.2 Stealth
 + Level 4.6 Unarmed Combat
 + Level 4.2 Spellcasting
 + Level 6.2 Necromancy


You had 9 spell levels left.
You knew the following spells:

 Your Spells              Type           Power        Failure   Level  Hunger
a - Pain                  Necr           ##..         1%          1    #......
b - Animate Skeleton      Necr           N/A          1%          1    #......
c - Vampiric Draining     Necr           ##........   8%          3    ###....


Dungeon Overview and Level Annotations

Branches:
Dungeon (5/15)             Temple (1/1) D:4

Altars:
Ashenzari
Cheibriados
Dithmenos
Elyvilon
Fedhas
Gozag
Hepliaklqana
Kikubaaqudgha
Makhleb
Nemelex Xobeh
Okawaru
Qazlal
Ru
Sif Muna
Trog
Uskayaw
Vehumet
Wu Jian
Xom
Yredelemnul
Zin
The Shining One

Shops:
D:4 }*}((


Innate Abilities, Weirdness & Mutations

Your body is rotting away.
You thrive on raw meat.
You are immune to poison.
You have sharp fingernails.
You are carnivorous and can eat meat at any time.
Your flesh is cold resistant. (rC+)
You are immune to negative energy. (rN+++)
You do not regenerate when monsters are visible.
You are immune to unholy pain and torment.
You can survive without breathing.


Message History

Confirm with . or Enter, or press ? or * to list all spells.
Aiming: Vampiric Draining
Press: ? - help, Shift-Dir - straight line, f/p - hornet
Aim: a hornet The hornet is moderately wounded.
You feel life coursing into your body.
The hornet stings you but does no damage.
The quokka skeleton completely misses you.
The hornet stings you!
* * * LOW HITPOINT WARNING * * *
Your goblin skeleton hits the hornet with a club.
Casting: Vampiric Draining
Confirm with . or Enter, or press ? or * to list all spells.
Aiming: Vampiric Draining
Press: ? - help, Shift-Dir - straight line, f/p - hornet
Aim: a hornet (moderately wounded)
The hornet is heavily wounded.
You feel life coursing into your body. The hornet stings you!
You die...
Kikubaaqudgha rasps: "You have failed me!
Welcome... oblivion!"

###***********
********############.#,,,*,,,,,,*
,,,,,,,,,............#,,,+,,,,,,*
,,*,,*,,#..#..#Z.#...#,,,*,,,,,,*
,,,,,,,,.......y@....#,,,#*,,,,,*
,,*,,*,,#..#..#Z.#...#*..#*,,,,,*
,,,,,,,,,............#*..#*,,,,,*
********############.##..#*,,,,,,
#..........#*..,,,*
#*#*##.........##.,,,,*
*#...##....(>......,,,,,
#..........(.......,,,,* ***
#....##....(##..##.,,,,*


You could see a hornet, a quokka skeleton and a friendly goblin skeleton.

Vanquished Creatures
  Edmund (D:4)
  A water moccasin (D:5)
  An ogre (D:4)
  Jessica (D:3)
  Natasha (D:2)
  An iguana (D:4)
  A worker ant (D:4)
  A gnoll (D:4)
  7 adders
  An adder zombie (D:4)
  An ooze (D:2)
  2 worms
  2 dart slugs (D:1)
  3 leopard geckos
  3 orcs
  A ball python (D:4)
  11 bats
  3 giant cockroaches
  7 goblins
  8 hobgoblins
  6 jackals
  2 quokkas
  6 frilled lizards
  8 kobolds
  10 rats
89 creatures vanquished.

Vanquished Creatures (collateral kills)
  An ogre (D:5)
  A centaur skeleton (D:4)
  Natasha (D:2)
  A hound skeleton (D:4)
  An adder (D:4)
  An adder skeleton (D:5)
  A leopard gecko (D:1)
  A giant cockroach (D:5)
  A goblin (D:1)
  A hobgoblin (D:2)
  2 jackals (D:1)
  A quokka zombie (D:5)
13 creatures vanquished.

Grand Total: 102 creatures vanquished

Notes
Turn   | Place    | Note
-------+----------+-------------------------------------------
     0 | D:1      | Lochraine the Ghoul Necromancer began the quest for the Orb.
     0 | D:1      | Reached XP level 1. HP: 14/14 MP: 2/2
    97 | D:1      | Reached XP level 2. HP: 10/20 MP: 0/3
   126 | D:1      | Learned a level 1 spell: Animate Skeleton
   650 | D:1      | Reached XP level 3. HP: 26/26 MP: 3/5
   998 | D:1      | Reached skill level 1 in Unarmed Combat
  1461 | D:2      | Reached XP level 4. HP: 29/32 MP: 1/6
  1548 | D:2      | Noticed Natasha
  1557 | D:2      | Killed Natasha
  1883 | D:2      | Noticed Natasha
  1895 | D:2      | Killed Natasha
  1895 | D:2      | Reached XP level 5. HP: 18/38 MP: 0/8
  2508 | D:3      | Reached skill level 5 in Necromancy
  2672 | D:3      | Noticed Jessica
  2684 | D:3      | Killed Jessica
  2799 | D:3      | Learned a level 3 spell: Vampiric Draining
  3425 | D:4      | Found a hide-covered altar of Uskayaw.
  3465 | D:4      | Found Dacae's Antique Weapon Emporium.
  3884 | D:4      | Found Ummi's Gadget Emporium.
  3926 | D:4      | Found a staircase to the Ecumenical Temple.
  3935 | Temple   | Entered the Ecumenical Temple
  4038 | Temple   | Became a worshipper of Kikubaaqudgha
  4116 | D:4      | Reached XP level 6. HP: 24/44 MP: 0/9
  4122 | D:4      | Found Lyacyin's Gadget Boutique.
  4135 | D:4      | Found Itwog's Antique Weapon Boutique.
  4164 | D:4      | Bought a polished flail for 187 gold pieces
  4164 | D:4      | Identified the cursed +1 flail of Itakuunics {crush, Fragile Str+4} (You bought it in a shop on level 4 of the Dungeon)
  4177 | D:4      | Found Ceimo's Assorted Antiques.
  4192 | D:4      | Got a pair of distressingly furry gloves
  4198 | D:4      | Identified the +1 pair of gloves of Dogmatism {rC+ Str+6} (You found it on level 4 of the Dungeon)
  4287 | D:4      | Noticed Edmund
  4355 | D:4      | Killed Edmund
  4444 | D:4      | Reached XP level 7. HP: 38/50 MP: 0/11
  4719 | D:5      | Entered Level 5 of the Dungeon
  4750 | D:5      | Lost dexterity.
  5532 | D:5      | Reached skill level 6 in Necromancy
  5707 | D:5      | Noticed a hornet
  5713 | D:5      | Slain by a hornet

Vault maps used:
D:1:      dpeg_arrival_subterranean_lakeside_camping, minmay_octomino_c4
D:2:      cheibrodos_old_hovel, uniq_natasha
D:3:      first_bread, uniq_jessica
D:4:      lemuel_upstairs_altar, lemuel_doored_altar,
          minmay_temple_entry_statues_pillars,
          lightli_ossuary_entry_decrepit_ruins, serial_shops, shop, shop, shop,
          nicolae_shop_behind_doors, shop, corexii_shack, hex_medium,
          uniq_edmund
D:5:      columned_hall_lemuel, uniq_menkaure
Temple:   kilobyte_greek_temple

Skill      XL: |  1  2  3  4  5  6  7 |
---------------+----------------------+-----
Spellcasting   | 2 3 4 |  4.2
Unarmed Combat | 1 2 3 4 |  4.6
Necromancy     | 5 6 |  6.2
Dodging        | |  1.9
Stealth        | |  2.2

Action                   |  1- 3 |  4- 6 |  7- 9 || total
-------------------------+-------+-------+-------++-------
Melee: Unarmed           |   158 |   208 |    84 ||   450
       Punch             |       |     2 |       ||     2
 Cast: Pain              |    28 |    47 |     3 ||    78
       Animate Skeleton  |     9 |    11 |     5 ||    25
       Vampiric Draining |       |     8 |    16 ||    24
  Use: Scroll            |       |     6 |     5 ||    11
       Potion            |       |     3 |     8 ||    11
 Stab: Sleeping          |     2 |     4 |     1 ||     7
       Distracted        |       |     1 |       ||     1
  Eat: Chunk             |    14 |    14 |     9 ||    37
Armor: Robe              |    31 |    23 |   131 ||   185
       Leather armour    |     7 |    27 |       ||    34
Dodge: Dodged            |   127 |   127 |    70 ||   324
